 Dungeon Crawl Stone Soup version 0.18-a0-910-g1648204 (webtiles) character file.

140 Proton the Shield-Bearer (level 5, 0/63 HPs)
             Began as a Formicid Fighter on Dec 25, 2015.
             Succumbed to poison (a potion of poison)
             ... on level 3 of the Dungeon.
             The game lasted 00:03:05 (1942 turns).

Proton the Shield-Bearer (Formicid Fighter)         Turns: 1942, Time: 00:03:05

Health: 0/63       AC: 22    Str: 22    XL:     5   Next: 46%
Magic:  5/5        EV:  2    Int:  7    God:
Gold:   88         SH: 10    Dex: 15    Spells: 0 memorised, 4 levels left

rFire  + . .     SeeInvis .     a - +0 long sword
rCold  x . .     Gourm    .     (armour currently unavailable)
rNeg   + + +     Faith    .     c - +0 shield
rPois  +         Spirit   .     (helmet unavailable)
rElec  .         Dismiss  .     (cloak currently unavailable)
rCorr  .         Reflect  .     (gloves currently unavailable)
SustAt .         Harm     .     (boots currently unavailable)
MR     +....                    (no amulet)
Stlth  ++........               p - ring of protection from magic
                                m - ring of fire

@: agile, lethally poisoned (0 -> -12), tree-form, very slightly contaminated,
invisible, somewhat resistant to hostile enchantments, unstealthy
A: permanent stasis, dig shafts and tunnels, four strong arms, (antennae 0)
a: no special abilities


You were on level 3 of the Dungeon.
You were near starving.
You were a tree.
You visited 1 branch of the dungeon, and saw 3 of its levels.

You collected 88 gold pieces.

Inventory:

Hand Weapons
 a - a +0 long sword (weapon)
Missiles
 g - 2 javelins (quivered)
Armour
 c - a +0 shield (worn)
 t - a +0 chain mail (melded)
Jewellery
 m - a ring of fire (left branch)
 p - a ring of protection from magic (right branch)
Wands
 s - a wand of polymorph (9/24)
Scrolls
 b - a scroll of fog {unknown}
 j - a scroll of recharging {unknown}
 o - 3 scrolls of identify {unknown}
 q - 5 scrolls of enchant armour {unknown}
 v - 2 scrolls of remove curse {unknown}
 y - a scroll of amnesia {unknown}
Potions
 d - a potion of might
Comestibles
 f - 2 bread rations
 h - a meat ration
 i - a beef jerky
 r - a slice of pizza


   Skills:
 + Level 4.1 Fighting
 + Level 2.7 Long Blades
 + Level 4.2 Armour
 + Level 1.4 Dodging
 + Level 4.4 Shields


You had 4 spell levels left.
You didn't know any spells.

Dungeon Overview and Level Annotations

Branches:
Dungeon (3/15)

Altars:


Innate Abilities, Weirdness & Mutations

You are under a permanent stasis effect.
You can dig through walls and to a lower floor.
Your four strong arms can wield two-handed weapons with a shield.
((You have a pair of large antennae on your head (SInv).))


Message History

Your roots penetrate the ground.
* * * LOW HITPOINT WARNING * * *
You feel sick.
Drink which item? (? for menu, Esc to quit)
It was a potion of magic.
Magic courses through your body.
* * * LOW HITPOINT WARNING * * *
You feel sick.
There is a lethal amount of poison in your body!
There is a lethal amount of poison in your body!
* * * LOW HITPOINT WARNING * * *
You feel sick.
* * * LOW HITPOINT WARNING * * *
You feel sick.
* * * LOW HITPOINT WARNING * * *
You feel sick.
There is a lethal amount of poison in your body!
* * * LOW HITPOINT WARNING * * *
You feel sick.
There is a lethal amount of poison in your body!
You die...

####+###
#......#
#......#
#......#
#.♣....#
####.#########
#.##.....<#
#.##.######
##.##.#
#.....#
#..#### #..#
#..#


There were no monsters in sight!

Vanquished Creatures
  Jessica (D:2)
  Terence (D:2)
  4 gnolls
  An ooze (D:1)
  4 giant geckos
  A ball python (D:1)
  9 bats
  3 giant cockroaches (D:1)
  2 hobgoblins (D:1)
  3 giant newts
  7 goblins
  4 kobolds
  7 rats
47 creatures vanquished.

Notes
Turn   | Place    | Note
--------------------------------------------------------------
     0 | D:1      | Proton the Formicid Fighter began the quest for the Orb.
     0 | D:1      | Reached XP level 1. HP: 18/18 MP: 1/1
   231 | D:1      | Reached XP level 2. HP: 24/24 MP: 2/2
   479 | D:1      | Reached XP level 3. HP: 27/30 MP: 3/3
   733 | D:1      | Reached skill level 4 in Shields
  1038 | D:1      | Reached XP level 4. HP: 37/37 MP: 4/4
  1207 | D:2      | Noticed Terence
  1226 | D:2      | Killed Terence
  1226 | D:2      | Reached skill level 1 in Dodging
  1382 | D:2      | Noticed Jessica
  1384 | D:2      | Killed Jessica
  1384 | D:2      | Reached XP level 5. HP: 42/42 MP: 5/5
  1940 | D:3      | HP: 2/63 [poison (a potion of poison)]
  1942 | D:3      | Succumbed to poison (a potion of poison)

Vault maps used:
D:1:      ncdulo_lavacross
D:2:      uniq_jessica, uniq_terence
D:3:      gammafunk_temple_overflow_pools

Action                   |  1- 3 |  4- 6 || total
-------------------------+-------+-------++-------
Melee: Long sword        |   152 |    68 ||   220
 Abil: Dig               |       |     1 ||     1
  Use: Potion            |       |     7 ||     7
  Eat: Chunk             |     1 |     1 ||     2
